 Seeded DCSS version 0.28.0-62-gf88900778d (webtiles) character file.

Game seed: 6652734874546685307 (custom seed)

1529 cbfl8 the Chopper (level 8, -9/60 HPs)
             Began as a Demonspawn Fighter on June 30, 2023.
             Shot with a sling bullet by Joseph (14 damage)
             ... on level 8 of the Dungeon.
             The game lasted 00:06:09 (6410 turns).

cbfl8 the Chopper (Demonspawn Fighter)              Turns: 6410, Time: 00:06:10

Health: -9/60      AC:  0    Str: 23    XL:     8   Next: 55%
Magic:  11/11      EV:  9    Int:  9    God:
Gold:   112        SH:  5    Dex: 15    Spells: 7/7 levels left

rFire   . . .      SeeInvis +   o - +8 mithril axe "Arga" {speed, Will+}
rCold   . . .      Faith    .   c - +0 buckler
rNeg    . . .      Spirit   .   k - +1 chain mail
rPois   .          Reflect  .   (helmet restricted)
rElec   .          Harm     .   (no cloak)
rCorr   .          Rampage  .   b - +0 pair of gloves
Will    +....                   h - +0 pair of boots
Stlth   ..........              (no amulet)
HPRegen 1.20/turn               e - +6 ring of strength
MPRegen 0.12/turn               l - ring of see invisible

@: mighty, corroded, studying Axes
A: antennae 2, powered by death 1, sturdy frame 1
a: no special abilities


You were on level 8 of the Dungeon.
You visited 1 branch of the dungeon, and saw 7 of its levels.

You collected 208 gold pieces.
You spent 96 gold pieces at shops.

Inventory:

Hand Weapons
 o - the +8 mithril axe "Arga" (weapon) {speed, Will+}
   (You acquired it on level 4 of the Dungeon)

   Attacks with this weapon are significantly faster.
   Will:      It increases your willpower.
Armour
 b - a +0 pair of gloves (worn)
 c - a +0 buckler (worn)
 h - a +0 pair of boots (worn)
 k - a +1 chain mail (worn)
Jewellery
 e - a +6 ring of strength (left hand)
 l - a ring of see invisible (right hand)
Wands
 a - a wand of flame (28)
 t - a wand of iceblast (7)
 x - a wand of polymorph (5)
Scrolls
 j - a scroll of fog
 m - a scroll of silence
 n - 3 scrolls of teleportation
 q - a scroll of magic mapping
Potions
 d - a potion of might
 f - 6 potions of curing
 g - a potion of ambrosia {unknown}
 r - a potion of mutation {unknown}
 s - a potion of degeneration {unknown}
 z - a potion of brilliance {unknown}


   Skills:
 + Level 3.8 Fighting
 * Level 7.7 Axes
 + Level 3.5 Armour
 * Level 2.6 Dodging
 * Level 3.0 Stealth
 + Level 3.1 Shields
 * Level 4.1 Invocations
 * Level 3.3 Evocations


You had 7 spell levels left.
You didn't know any spells.
Your spell library contained the following spells:

 Spells                   Type           Power      Damage    Failure   Level
 Animate Dead             Necr           0%         N/A       100%        4
 Borgnjor's Vile Clutch   Necr/Erth      0%         N/A       100%        5
 Death Channel            Necr           0%         N/A       100%        6


Dungeon Overview and Level Annotations

Branches:
Dungeon (9/15)
 Temple: D:4-7         Lair: D:8-11         Orc: D:9-12

Altars:
Xom

Shops:
D:2 !   D:5 (=**

Annotations:
D:4 3 runed translucent doors, cbfl8's ghost, amateur HOFi; macfelon's ghost, novice DECj
D:8 Joseph


Innate Abilities, Weirdness & Mutations

You have a pair of antennae on your head.
You regenerate a little health from kills.
Your movements are slightly less encumbered by armour. (ER -2)


Message History

Joseph hits you with a +0 quarterstaff of speed.
* * * LOW HITPOINT WARNING * * *
You feel much better.
You feel sick. The water moccasin bites you.
The orc priest looks braver for a moment.
Joseph completely misses you. The water moccasin bites you.
You feel much better.
You feel sick.
Joseph hits you with a +0 quarterstaff of speed.
The water moccasin bites you.
Joseph hits you with a +0 quarterstaff of speed!
You slice Joseph!!
Joseph is moderately wounded.
You slash the water moccasin!
You feel sick. The water moccasin closely misses you.
The orc priest looks braver for a moment.
Joseph barely misses you.
You closely miss Joseph.
Joseph is moderately wounded.
You hit the water moccasin.
You kill the water moccasin!
You feel sick.
Joseph zaps a wand.
The bolt of acid hits you!!!
Ouch! That really hurt!
* * * LOW HITPOINT WARNING * * *
The acid corrodes you!
Your Stealth skill increases to level 3!
You feel much better.
You feel sick.
Joseph hits you with a +0 quarterstaff of speed!
The orc priest hits you with a +0 whip.
* * * LOW HITPOINT WARNING * * *
Blink to where?
Press: ? - help, Dir - move target
As you read the scroll of blinking, it crumbles to dust.
You feel sick.
You are no longer poisoned.
Joseph unwields a +0 quarterstaff of speed.
Joseph wields a +0 hunting sling.
Joseph shoots a sling bullet.
The sling bullet hits you!
* * * LOW HITPOINT WARNING * * *
Joseph says, "No trespassing is allowed here."
Joseph shoots a sling bullet.
The sling bullet hits you!
You die...

......#####).)......
........>...##†..<.....
# .........#
#..o###...##.
.........#####@....#..#
..........####..#### !#
..@.........##..# .. #
..$.....#.# ....### .
#####....#...# #.....#
...#$......#.# #@..#
##.#..##.#...# #.#..#
##.#..##.###.###.# ....
......##.# #.##..##....#
##.....#.###....#......#
##.....#...)......##....
......(.................
..............#..###.#
..#........#..#....# ..


You could see Joseph and an orc priest.

Vanquished Creatures
  Sigmund (D:4)
  A wraith (D:9)
  A water moccasin (D:8)
  2 necrophages (D:5)
  An ogre (D:5)
  A centaur (D:9)
  3 bullfrogs (D:8)
  A wight (D:8)
  A centaur zombie (D:8)
  An orc priest (D:8)
  A jelly (D:5)
  2 hounds (D:5)
  A bullfrog skeleton (D:4)
  3 iguanas
  2 orc wizards
  A hound zombie (D:5)
  A hound skeleton (D:4)
  Robin (D:2)
  2 adders (D:2)
  7 river rats (D:5)
  3 worms
  A dart slug (D:4)
  12 orcs
  5 endoplasms
  3 giant cockroaches
  16 goblins
  9 hobgoblins
  4 jackals (D:2)
  7 kobolds
  8 quokkas
  7 ball pythons
  5 bats
  5 frilled lizards
  A quokka skeleton (D:4)
  22 rats
142 creatures vanquished.

Vanquished Creatures (others)
  An orc wizard (D:3)
  4 withered plants (D:4)
5 creatures vanquished.

Grand Total: 147 creatures vanquished

Notes
Turn   | Place    | Note
-------+----------+-------------------------------------------
     0 | D:1      | cbfl8 the Demonspawn Fighter began the quest for the Orb.
     0 | D:1      | Reached XP level 1. HP: 18/18 MP: 1/1
   259 | D:1      | Gained mutation: You have a pair of small antennae on your
                  | head. [demonic ancestry]
   259 | D:1      | Reached XP level 2. HP: 24/24 MP: 2/2
   284 | D:1      | Found a faded altar of an unknown god.
   309 | D:1      | Reached skill level 2 in Axes
   769 | D:2      | Reached XP level 3. HP: 23/29 MP: 3/3
   833 | D:2      | Reached skill level 1 in Invocations
   859 | D:2      | Found a shimmering altar of Xom.
   873 | D:2      | Noticed Robin
  1189 | D:2      | Killed Robin
  1286 | D:2      | You fall into a shaft and drop 1 floor!
  1295 | D:3      | Reached skill level 1 in Evocations
  1474 | D:3      | Reached skill level 1 in Stealth
  1483 | D:3      | Gained mutation: Your movements are slightly less
                  | encumbered by armour. (ER -2) [demonic ancestry]
  1483 | D:3      | Reached XP level 4. HP: 32/35 MP: 4/4
  2058 | D:2      | Found Kasukam's Distillery.
  2066 | D:2      | Bought a potion of curing for 36 gold pieces
  2506 | D:3      | Reached skill level 3 in Axes
  2879 | D:3      | Reached XP level 5. HP: 35/41 MP: 6/6
  3828 | D:4      | Found a runed translucent gate.
  3828 | D:4      | Found a runed translucent gate.
  3828 | D:4      | Found a runed translucent gate.
  3829 | D:4      | Noticed macfelon's ghost (novice DECj)
  3829 | D:4      | Noticed cbfl8's ghost (amateur HOFi)
  3829 | D:4      | Noticed macfelon's ghost (novice DECj)
  4008 | D:4      | Noticed Sigmund
  4018 | D:4      | Killed Sigmund
  4019 | D:4      | Reached skill level 4 in Axes
  4019 | D:4      | Reached skill level 1 in Dodging
  4019 | D:4      | Gained mutation: You regenerate a little health from kills.
                  | [demonic ancestry]
  4019 | D:4      | Reached XP level 6. HP: 11/47 MP: 6/8
  4446 | D:4      | Identified a scroll of acquirement
  4446 | D:4      | Acquired the +8 mithril axe "Arga" {speed, Will+}
  4446 | D:4      | Found the +8 mithril axe "Arga" {speed, Will+}
  4451 | D:5      | Entered Level 5 of the Dungeon
  4823 | D:5      | Found Etuvav's Weapon Shoppe.
  5096 | D:5      | Found Venguj's General Store.
  5158 | D:5      | Reached XP level 7. HP: 52/52 MP: 9/9
  5181 | D:5      | Found Huvadwey's General Store.
  5191 | D:5      | Bought a scroll of teleportation for 36 gold pieces
  5191 | D:5      | Bought a scroll of identify for 24 gold pieces
  5204 | D:5      | Found Uddoag's Jewellery Emporium.
  5292 | D:5      | Reached skill level 5 in Axes
  5952 | D:5      | You fall into a shaft and drop 3 floors!
  6097 | D:8      | Gained mutation: You have a pair of antennae on your head.
                  | [demonic ancestry]
  6097 | D:8      | Reached XP level 8. HP: 60/60 MP: 10/10
  6125 | D:8      | Reached skill level 6 in Axes
  6215 | D:8      | Acquired a manual of Axes
  6248 | D:8      | Noticed Joseph
  6386 | D:8      | Reached skill level 7 in Axes
  6407 | D:8      | HP: 2/60 [Joseph/bolt of acid (40)]
  6410 | D:8      | Shot with a sling bullet by Joseph

Illustrated notes

Levels and vault maps discovered:
D:1:      wander_arrival_lonely_grave, layout_basic,
          chequers_ecumenical_altar_island, moated_statue, minmay_box_of_dots
D:2:      layout_loops_corners, basic_altar, serial_shops, shop,
          minmay_diced_spiral, uniq_robin
D:3:      layout_rooms, serial_co_window_serial, co_window_paths_a,
          co_window_paths_a, co_window_corner_a, co_window_cross_1,
          co_window_paths_b, co_window_unsneaky_path_d, co_window_corner_b,
          co_window_broadway_c, co_window_broadway_a, co_window_2corner,
          co_window_unsneaky_path_d, glass_columns_b, glass_columns_b,
          glass_columns_a, glass_columns_a, minivault_27, corexii_shack
D:4:      layout_rooms, gammafunk_ghost_cemetery, minmay_misc_feat_diagonals,
          hangedman_abyss_or_decor_lesser_grid, uniq_sigmund
D:5:      lemuel_ratsnest, layout_layer_cave, serial_shops,
          nicolae_stop_n_shop_2, nicolae_stop_n_shop_2, shop_fountains,
          nicolae_shop_trees
D:8:      layout_rooms, uniq_joseph, uniq_prince_ribbit1
D:9:      layout_irregular_city, minmay_lair_entry_grove

Skill      XL: |  1  2  3  4  5  6  7  8 |
---------------+-------------------------+-----
Axes           | 2 3 4 5 7 |  7.7
Invocations    | 1 2 3 4 |  4.1
Shields        | 3 |  3.1
Evocations     | 1 2 3 |  3.3
Stealth        | 1 2 3 |  3.0
Armour         | 3 |  3.5
Dodging        | 1 2 |  2.6
Fighting       | |  3.8

Action                   |  1- 3 |  4- 6 |  7- 9 || total
-------------------------+-------+-------+-------++-------
Melee: War axe           |    92 |   108 |       ||   200
       Broad axe         |       |    16 |   106 ||   122
  Use: Scroll            |       |     7 |     6 ||    13
       Potion            |       |       |     4 ||     4
Armor: Scale mail        |    13 |       |       ||    13
       Chain mail        |    45 |    68 |    29 ||   142
Dodge: Dodged            |    40 |    43 |    34 ||   117
Block: Buckler           |    31 |    30 |    15 ||    76
